 Dungeon Crawl Stone Soup version 0.20.0-15-g7f486f2 (webtiles) character file.

231 grindst0ne the Conjurer (level 5, 0/48 HPs)
             Began as a Draconian Conjurer on June 10, 2017.
             Slain by Grinder (8 damage)
             ... while paralysed by Grinder
             ... on level 3 of the Dungeon.
             The game lasted 00:14:09 (2411 turns).

grindst0ne the Conjurer (Draconian Conjurer)        Turns: 2411, Time: 00:14:09

Health: 0/48       AC:  5    Str: 11    XL:     5   Next: 73%
Magic:  0/8        EV:  2    Int: 16    God:
Gold:   88         SH:  0    Dex: 11    Spells: 5/8 levels left

rFire    . . .     SeeInvis .   d - +0 club
rCold    . . .     Gourm    +   (no shield)
rNeg     . . .     Faith    .   (armour unavailable)
rPois    .         Spirit   .   (helmet restricted)
rElec    .         Reflect  .   (no cloak)
rCorr    .         Harm     .   (no gloves)
MR       .....                  (no boots)
Stlth    ++........             g - amulet of the gourmand
Regen    0.2/turn               (no ring)
MPRegen  0.2/turn               (no ring)

@: paralysed
A: unfitting armour, cold-blooded, AC +5
a: no special abilities


You were on level 3 of the Dungeon.
You were completely stuffed.

You visited 1 branch of the dungeon, and saw 3 of its levels.

You collected 88 gold pieces.

Inventory:

Hand Weapons
 d - a +0 club (weapon)
Jewellery
 g - an amulet of the gourmand (around neck)
Scrolls
 c - a scroll of remove curse {unknown}
 j - 2 scrolls of teleportation
 k - a scroll of identify {unknown}
 m - a scroll of amnesia {unknown}
Potions
 e - a potion of flight {unknown}
 i - a potion of brilliance {unknown}
 l - a potion of degeneration {unknown}
Books
 a - a book of Conjurations

   Spells                             Type                      Level
   a - Magic Dart                     Conjuration                  1
   b - Searing Ray                    Conjuration                  2
   c - Dazzling Spray                 Conjuration/Hexes            3
   d - Fulminant Prism                Conjuration/Hexes            4
   e - Force Lance                    Conjuration/Translocation    4
   f - Iskenderun's Mystic Blast      Conjuration                  4
Comestibles
 b - 2 bread rations
 f - 2 royal jellies
 h - a meat ration
 n - a fruit
 o - 3 chunks of flesh


   Skills:
 - Level 5.0 Fighting
 - Level 1.7 Dodging
 - Level 1.7 Stealth
 + Level 2.0 Spellcasting
 + Level 5.1 Conjurations


You had 5 spell levels left.
You knew the following spells:

 Your Spells              Type           Power        Failure   Level  Hunger
a - Magic Dart            Conj           ###.         2%          1    #......
b - Searing Ray           Conj           ###...       3%          2    ###....


Dungeon Overview and Level Annotations

Branches:
Dungeon (3/15)

Altars:

Annotations:
D:3 Grinder


Innate Abilities, Weirdness & Mutations

Your plain brown scales are hard. (AC +5)
You cannot fit into any form of body armour.
You are cold-blooded and may be slowed by cold attacks.


Message History

* * * LOW HITPOINT WARNING * * *
You writhe in agony.
* * * LOW HITPOINT WARNING * * *
Casting: Searing Ray
Confirm with . or Enter, or press ? or * to list all spells.
Aiming: Searing Ray
Press: ? - help, Shift-Dir - straight line, f/p - Grinder
Aim: Grinder (almost dead)
The searing ray hits Grinder.
Grinder is almost dead. (Press . to maintain the ray.) Grinder hits you but does no damage.
The searing ray hits Grinder.
Grinder is almost dead.
Grinder gestures at you.
You suddenly lose the ability to move!
Grinder gestures at you. You resist with significant effort. Grinder hits you!
You die...

........#.#..........
#.................#
.....)......#.###.#
................#.#####
...........(.............
....#.#.#.#.#.#.#.#......
......#.#.#.#.....# #..##
....>.....5.###..######...#
...........@.........##...#
.........................#
............#...........#
........................#
..#.##.....##...##.##...#
..#. #.....##...........# #
#..................#
#..................#
..................#


You could see Grinder.

Vanquished Creatures
  Sigmund (D:2)
  3 adders
  2 oozes
  2 worms (D:2)
  2 dart slugs
  2 leopard geckos
  4 bats
  4 goblins
  5 hobgoblins
  8 kobolds
  A ball python (D:2)
  3 frilled lizards
  5 rats
42 creatures vanquished.

Notes
Turn   | Place    | Note
-------+----------+-------------------------------------------
     0 | D:1      | grindst0ne the Draconian Conjurer began the quest for the Orb.
     0 | D:1      | Reached XP level 1. HP: 14/14 MP: 3/3
   264 | D:1      | Reached skill level 1 in Fighting
   442 | D:1      | Reached XP level 2. HP: 24/24 MP: 1/5
  1280 | D:2      | Reached XP level 3. HP: 29/30 MP: 6/6
  1375 | D:2      | Noticed Sigmund
  1525 | D:1      | Learned a level 2 spell: Searing Ray
  1698 | D:2      | Reached XP level 4. HP: 39/40 MP: 2/7
  2084 | D:2      | Killed Sigmund
  2084 | D:2      | Reached skill level 5 in Fighting
  2084 | D:2      | Reached skill level 5 in Conjurations
  2084 | D:2      | Reached XP level 5. HP: 23/48 MP: 3/8
  2380 | D:3      | Noticed Grinder
  2381 | D:3      | Paralysed by Grinder for 6 turns
  2397 | D:3      | Paralysed by Grinder for 6 turns
  2409 | D:3      | Paralysed by Grinder for 3 turns
  2411 | D:3      | Slain by Grinder

Skill      XL: |  1  2  3  4 |
---------------+-------------+-----
Fighting       | 1 2 3 5 |  5.0
Conjurations   | 5 |  5.1
Dodging        | |  1.7
Stealth        | |  1.7
Spellcasting   | |  2.0

Action                   |  1- 3 |  4- 6 || total
-------------------------+-------+-------++-------
Melee: Club              |    74 |    47 ||   121
       Unarmed           |     6 |       ||     6
       Tailslap          |     6 |     5 ||    11
 Cast: Magic Dart        |    27 |     3 ||    30
       Searing Ray       |     3 |     6 ||     9
  Use: Scroll            |     4 |       ||     4
       Potion            |       |     1 ||     1
 Stab: Sleeping          |     1 |     1 ||     2
  Eat: Chunk             |    12 |     6 ||    18
Armor: Skin              |    26 |    35 ||    61
Dodge: Dodged            |    59 |    46 ||   105
